 Dungeon Crawl Stone Soup version 0.24-a0-335-g06ca16a (webtiles) character file.

Game seed: 7275829390992716977

552947 sking99 the Wrestler (level 25, -6/275 HPs)
             Began as a Troll Monk on May 19, 2019.
             Was the Champion of Ru.
             Killed from afar by a raiju (14 damage)
             ... with a living lightning
             ... on level 1 of the Abyss.
             The game lasted 02:29:18 (56156 turns).

sking99 the Wrestler (Troll Monk)                  Turns: 56156, Time: 02:29:19

Health: -6/275     AC: 17    Str: 33      XL:     25
Magic:  0/22       EV:  4    Int:  3 (7)  God:    Ru [******]
Gold:   5821       SH:  0    Dex: 13 (14) Spells: 24/24 levels left

rFire    + . .     SeeInvis .   g - +5 demon whip (flame)
rCold    + . .     Gourm    +   w - +0 large shield
rNeg     + . .     Faith    .   e - +4 moon troll leather armour {Spirit, Regen++ MP+5}
rPois    .         Spirit   +   s - +2 hat {MR+}
rElec    .         Reflect  .   l - +2 cloak
rCorr    .         Harm     .   (gloves unavailable)
MR       +++..     Rnd*Tele +   (boots unavailable)
Stlth    ++........             j - amulet of guardian spirit
HPRegen  1.75/turn              N - ring of Gosuadul {+Fly rC+ MR+ Dex+4}
MPRegen  0.18/turn              i - ring of Zijait {rF+ rN+ Stlth+}

@: confused, extremely drained
A: large, unfitting armour, claws 3, [blurry vision 2], clumsy 1, deterioration
1, fast metabolism 3, gourmand, [low mp 3], regeneration 1, shaggy fur 1,
[teleportitis 1], tough skin 3, [no potion heal 2], [subdued magic 1], hated by
all, inability to train dodging, no necromancy magic, no poison magic, no
translocations magic, inexperienced 1
}: 3/15 runes: barnacled, silver, gossamer
a: Draw Out Power, Power Leap, Apocalypse, Renounce Religion, Evoke Flight


You were on level 1 of the Abyss.
You worshipped Ru.
Ru was exalted by your worship.
You were not hungry.

You visited 10 branches of the dungeon, and saw 45 of its levels.
You visited the Abyss 2 times.
You visited 1 bazaar.
You also visited: Trove, Ossuary, Gauntlet and Wizlab.

You collected 6177 gold pieces.
You spent 356 gold pieces at shops.

Inventory:

Hand Weapons
 g - a +5 demon whip of flaming (weapon)
Armour
 e - the +4 moon troll leather armour (worn) {Spirit, Regen++ MP+5}
   (You found it in a treasure trove)

   It affects your magic capacity (+5).
   It increases your rate of regeneration.
 l - a +2 cloak (worn)
 s - a +2 hat of magic resistance (worn)
 w - a +0 large shield (worn)
 y - +0 gold dragon scales
 S - the +3 crown of Dyrovepreva {rElec Int+2 SInv}
   (You found it in a treasure trove)

   It affects your intelligence (+2).
   It insulates you from electricity.
   It lets you see invisible.
Jewellery
 i - the ring of Zijait (right claw) {rF+ rN+ Stlth+}
   (You acquired it on level 4 of the Shoals)

   [ring of stealth]

   It protects you from fire.
   It protects you from negative energy.
   It makes you more stealthy.
 j - an amulet of guardian spirit (around neck)
 G - a +4 ring of slaying
 J - an uncursed ring of resist corrosion
 N - the ring of Gosuadul (left claw) {+Fly rC+ MR+ Dex+4}
   (You found it on level 3 of the Elven Halls)

   [ring of protection from cold]

   It affects your dexterity (+4).
   It protects you from cold.
   It affects your resistance to hostile enchantments.
   It lets you fly.
 W - the ring "Lahimo" {rPois MR+ Dex+3}
   (You took it off a deep elf annihilator on level 3 of the Elven Halls)

   [ring of dexterity]

   It affects your dexterity (+3).
   It protects you from poison.
   It affects your resistance to hostile enchantments.
 Y - the ring of Qidghog {+Fly rPois rF+ MR++ Int-3}
   (You found it on level 2 of the Depths)

   [ring of flight]

   It affects your intelligence (-3).
   It protects you from fire.
   It protects you from poison.
   It affects your resistance to hostile enchantments.
   It lets you fly.
Wands
 f - a wand of acid (23)
 B - a wand of scattershot (5)
 F - a wand of iceblast (69)
 H - a wand of flame (142)
 I - a wand of clouds (19)
 K - a wand of disintegration (43)
 L - a wand of paralysis (20)
 M - a wand of digging (8)
 Q - a wand of polymorph (17)
 Z - a wand of random effects (27)
Scrolls
 k - 4 scrolls of blinking
 n - 7 scrolls of amnesia
 p - 13 scrolls of fear
 q - 18 scrolls of remove curse
 u - 8 scrolls of identify
 x - 7 scrolls of immolation
 C - 9 scrolls of enchant weapon
 D - 15 scrolls of teleportation
 P - a scroll of fog
 T - 5 scrolls of silence
 U - a scroll of holy word
Potions
 a - a potion of berserk rage
 c - 3 potions of haste
 d - 8 potions of agility
 h - 9 potions of brilliance
 m - 24 potions of curing
 o - 8 potions of might
 r - a potion of invisibility
 v - a potion of magic
 z - a potion of resistance
 A - 5 potions of cancellation
 O - 8 potions of ambrosia
 R - 2 potions of flight
 V - 5 potions of mutation
Comestibles
 b - 70 rations


   Skills:
 + Level 20.7(0.0) Fighting
 - Level 5.0(0.0) Maces & Flails
 * Level 15.3(0.0) Armour
 - Level 1.0(0.0) Stealth
 - Level 16.0(0.0) Shields
 + Level 22.7(0.0) Unarmed Combat
 - Level 5.0(0.0) Evocations


You had 24 spell levels left.
You didn't know any spells.
Your spell library contained the following spells:

 Spells                   Type           Power        Failure   Level  Hunger
 Beastly Appendage        Tmut           #.....       100%        1    ##.....
 Confusing Touch          Hex            #.....       100%        1    ##.....
 Corona                   Hex            #......      100%        1    ##.....
 Flame Tongue             Conj/Fire      #....        100%        1    ##.....
 Infusion                 Chrm           #...         100%        1    ##.....
 Magic Dart               Conj           #...         100%        1    ##.....
 Sandblast                Erth           #.....       100%        1    ##.....
 Shock                    Conj/Air       #...         100%        1    ##.....
 Ensorcelled Hibernation  Hex/Ice        #.....       100%        2    ###....
 Passwall                 Tmut/Erth      #.......     100%        2    ###....
 Slow                     Hex            #.......     100%        2    ###....
 Song of Slaying          Chrm           #.......     100%        2    ###....
 Swiftness                Chrm/Air       #.......     100%        2    ###....
 Throw Flame              Conj/Fire      #.....       100%        2    ###....
 Confuse                  Hex            #.......     100%        3    ####...
 Conjure Flame            Conj/Fire      #.......     100%        3    ####...
 Dazzling Spray           Conj/Hex       #.....       100%        3    ####...
 Inner Flame              Hex/Fire       #.......     100%        3    ####...
 Ozocubu's Armour         Chrm/Ice       #.......     100%        3    ####...
 Spectral Weapon          Hex/Chrm       #.......     100%        3    ####...
 Static Discharge         Conj/Air       #.......     100%        3    ####...
 Tukima's Dance           Hex            #.......     100%        3    ####...
 Cause Fear               Hex            #.........   100%        4    #####..
 Ice Form                 Ice/Tmut       #.......     100%        4    #####..
 Petrify                  Tmut/Erth      #.......     100%        4    #####..
 Sticky Flame             Conj/Fire      #.......     100%        4    #####..
 Aura of Abjuration       Summ           #.........   100%        5    ######.
 Blade Hands              Tmut           #.........   100%        5    ######.
 Fireball                 Conj/Fire      #.........   100%        5    ######.
 Irradiate                Conj/Tmut      #.........   100%        5    ######.
 Iskenderun's Battlesphe  Conj/Chrm      #.......     100%        5    ######.
 Lee's Rapid Deconstruct  Erth           #.........   100%        5    ######.
 Lightning Bolt           Conj/Air       #.........   100%        5    ######.
 Silence                  Hex/Air        #.........   100%        5    ######.
 Yara's Violent Unravell  Hex/Tmut       #.........   100%        5    ######.
 Bolt of Cold             Conj/Ice       #.........   100%        6    #######
 Bolt of Fire             Conj/Fire      #.........   100%        6    #######
 Darkness                 Hex            #.........   100%        6    #######
 Deflect Missiles         Chrm/Air       #.........   100%        6    #######
 Invisibility             Hex            #.......     100%        6    #######
 Dragon Form              Tmut           #.........   100%        7    #######
 Chain Lightning          Conj/Air       #.........   100%        8    #######
 Discord                  Hex            #.........   100%        8    #######
 Ignition                 Fire           #.........   100%        8    #######
 Lehudib's Crystal Spear  Conj/Erth      #.........   100%        8    #######
 Fire Storm               Conj/Fire      #.........   100%        9    #######
 Glaciate                 Conj/Ice       #.........   100%        9    #######
 Shatter                  Erth           #.........   100%        9    #######
 Tornado                  Air            #.........   100%        9    #######
 Animate Skeleton         Necr           Unusable     N/A         1    N/A
 Apportation              Tloc           Unusable     N/A         1    N/A
 Pain                     Necr           Unusable     N/A         1    N/A
 Sting                    Conj/Pois      Unusable     N/A         1    N/A
 Summon Small Mammal      Summ           Unusable     N/A         1    N/A
 Blink                    Tloc           Unusable     N/A         2    N/A
 Call Imp                 Summ           Unusable     N/A         2    N/A
 Corpse Rot               Necr           Unusable     N/A         2    N/A
 Poisonous Vapours        Pois/Air       Unusable     N/A         2    N/A
 Shroud of Golubria       Chrm/Tloc      Unusable     N/A         2    N/A
 Sticks to Snakes         Tmut           Unusable     N/A         2    N/A
 Sublimation of Blood     Necr           Unusable     N/A         2    N/A
 Call Canine Familiar     Summ           Unusable     N/A         3    N/A
 Gell's Gravitas          Tloc           Unusable     N/A         3    N/A
 Ignite Poison            Fire/Tmut/Pois Unusable     N/A         3    N/A
 Lesser Beckoning         Tloc           Unusable     N/A         3    N/A
 Mephitic Cloud           Conj/Pois/Air  Unusable     N/A         3    N/A
 Portal Projectile        Hex/Tloc       Unusable     N/A         3    N/A
 Recall                   Summ/Tloc      Unusable     N/A         3    N/A
 Regeneration             Chrm/Necr      Unusable     N/A         3    N/A
 Spider Form              Tmut/Pois      Unusable     N/A         3    N/A
 Teleport Other           Tloc           Unusable     N/A         3    N/A
 Animate Dead             Necr           Unusable     N/A         4    N/A
 Force Lance              Conj/Tloc      Unusable     N/A         4    N/A
 Olgreb's Toxic Radiance  Pois           Unusable     N/A         4    N/A
 Passage of Golubria      Tloc           Unusable     N/A         4    N/A
 Summon Lightning Spire   Summ/Air       Unusable     N/A         4    N/A
 Alistair's Intoxication  Tmut/Pois      Unusable     N/A         5    N/A
 Borgnjor's Vile Clutch   Necr/Erth      Unusable     N/A         5    N/A
 Dispel Undead            Necr           Unusable     N/A         5    N/A
 Summon Demon             Summ           Unusable     N/A         5    N/A
 Summon Mana Viper        Hex/Summ       Unusable     N/A         5    N/A
 Venom Bolt               Conj/Pois      Unusable     N/A         5    N/A
 Death Channel            Necr           Unusable     N/A         6    N/A
 Poison Arrow             Conj/Pois      Unusable     N/A         6    N/A
 Simulacrum               Ice/Necr       Unusable     N/A         6    N/A
 Haunt                    Necr/Summ      Unusable     N/A         7    N/A
 Malign Gateway           Summ/Tloc      Unusable     N/A         7    N/A
 Spellforged Servitor     Conj/Summ      Unusable     N/A         7    N/A
 Borgnjor's Revivificati  Necr           Unusable     N/A         8    N/A
 Controlled Blink         Tloc           Unusable     N/A         8    N/A
 Death's Door             Chrm/Necr      Unusable     N/A         8    N/A
 Infestation              Necr           Unusable     N/A         8    N/A
 Necromutation            Tmut/Necr      Unusable     N/A         8    N/A
 Dragon's Call            Summ           Unusable     N/A         9    N/A

Dungeon Overview and Level Annotations

Branches:
Dungeon (15/15)            Temple (1/1) D:7            Lair (6/6) D:9
 Shoals (4/4) Lair:4       Spider (4/4) Lair:2        Slime (0/5) Lair:6
    Orc (2/2) D:12            Elf (3/3) Orc:2        Vaults (5/5) D:14
  Crypt (2/3) Vaults:2     Depths (3/5) D:15

Altars:
Ashenzari
Cheibriados
Dithmenos
Elyvilon
Fedhas
Gozag
Hepliaklqana
Kikubaaqudgha
Makhleb
Nemelex Xobeh
Okawaru
Qazlal
Ru
Sif Muna
Trog
Uskayaw
Vehumet
Wu Jian
Xom
Yredelemnul
Zin
The Shining One
Beogh
Jiyva

Shops:
D:6 *   D:7 !   D:10 [   Orc:2 *[:(   Elf:1 }}=   Shoals:3 !   Shoals:4 [
Depths:1 !   Depths:2 :[

Portals:
Hell: Lair:6 Depths:1 Depths:2
Abyss: Depths:2

Annotations:
D:6 2 transporters, aaksess's ghost, novice NaEn
D:10 2 transporters
D:15 exclusion: oklob plant
Lair:4 exclusion: ice statue
Elf:2 4 runed translucent doors, Goxick's ghost, adept DsFi
Vaults:1 8 runed translucent doors, Awazaost's ghost, veteran MiBe


Innate Abilities, Weirdness & Mutations

You are too large for most types of armour.
You have claws for hands.
You are clumsy. (Dex -2)
Your metabolism is lightning-fast.
You like to eat raw meat.
Your natural rate of healing is unusually fast.
You are covered in fur. (AC +1)
You have extremely tough skin. (AC +3)
You are hated by all.
You cannot train Dodging skill.
You cannot study or cast Necromancy magic.
You cannot study or cast Poison magic.
You cannot study or cast Translocations magic.
You are somewhat inexperienced. (-2 XL)
Your body sometimes deteriorates upon taking damage.
[Scrolls take you longer to read.]
[Your magical capacity is extremely low. (-30% MP)]
[You are occasionally teleported next to monsters.]
[Potions are poor at restoring your health.]
[Your spells are a little easier to cast, but a little less powerful.]


Message History

The raiju begins to attack, but is stunned by your will!
A white imp comes into view.
The raiju bites you but does no damage. The raiju bites you!
* * * LOW HITPOINT WARNING * * *
The raiju shocks you!
* * * LOW HITPOINT WARNING * * *
You focus your will and illuminate the raiju in retribution!
You bump into the rock wall.
You redirect the raiju's attack!
The raiju bites you but does no damage.
The raiju bursts into living lightning!
The living lightning misses you. The living lightning hits you!
* * * LOW HITPOINT WARNING * * *
The raiju blinks!
The raiju begins to attack, but is stunned by your will!
The raiju bursts into living lightning!
The living lightning hits you!!
* * * LOW HITPOINT WARNING * * *
The living lightning hits you!!
You die...

#. . .# .
.. .# * #
...###
#... ...
.#.#. #.
.##.#.
##....#.#
#.#.#.#
##.##h.#
# # #.@h#
#.###.##
. #..
#†.#
#.#... .
....#.#
..#.#
##.# X..
.. #.
##...# .
.##. .


You could see 2 raiju.

Vanquished Creatures
  2 ancient liches
  A juggernaut (Depths:3)
  Sojobo (Depths:3)
  Margery (Depths:2)
  Frederick (Vaults:5)
  2 golden dragons (Vaults:5)
  Jory (Depths:3)
  4 tentacled monstrosities
  A titan (Vaults:5)
  4 deep elf blademasters (Elf:3)
  A lich (Vaults:3)
  Frances (D:12)
  2 deep elf master archers (Elf:3)
  An ancient champion (WizLab)
  Polyphemus (Shoals:2)
  3 tentacled starspawn
  9 tengu reavers
  5 storm dragons (Vaults:5)
  4 sphinxes
  A revenant (Vaults:2)
  7 shadow dragons
  Kirke (Shoals:3)
  Donald (Shoals:4)
  Ilsuiw (Shoals:3)
  An orc warlord (Orc:2)
  4 ghost moths
  17 vault wardens
  Louise (Shoals:4)
  6 fire giants
  9 frost giants
  9 deep elf sorcerers
  7 emperor scorpions
  23 very ugly things
  5 deep elf elementalists (Elf:3)
  A war gargoyle (Vaults:5)
  13 ironheart preservers
  4 deep elf demonologists
  2 entropy weavers
  2 vampire knights
  12 stone giants
  A dire elephant (Gauntlet)
  8 deep elf annihilators
  A minotaur (Gauntlet)
  6 ettins
  An eidolon (Vaults:2)
  4 spark wasps
  7 deep elf death magi
  A crystal guardian (Vaults:5)
  5 merfolk javelineers (Shoals:4)
  Josephine (Lair:4)
  11 merfolk impalers
  Erolcha (D:10)
  13 yaktaur captains
  5 deep elf high priests
  14 ogre magi
  9 fire dragons
  4 rakshasas
  A spectral shadow dragon (Depths:2)
  4 great orbs of eyes
  Fannar (Lair:3)
  8 hydras
  7 ice dragons
  8 centaur warriors
  A catoblepas (Shoals:2)
  33 vault guards
  51 two-headed ogres
  4 merfolk aquamancers
  4 large abominations
  2 alligator snapping turtles (Shoals:4)
  Erica (D:10)
  A death knight (Vaults:3)
  3 merfolk avatars
  2 satyrs
  5 death yaks
  7 dancing weapons
  3 tengu warriors
  4 deep troll shamans
  5 orc high priests
  6 spriggan berserkers (Depths:1)
  4 deep troll earth magi
  3 vampire magi
  23 deep elf knights
  An iron troll (Depths:3)
  4 hell knights (Depths:2)
  2 wretched stars
  A shadow wraith (Vaults:4)
  24 skeletal warriors
  A sixfirhy (Lair:6)
  9 sea snakes
  A kraken simulacrum (Shoals:4)
  2 unseen horrors
  2 flayed ghosts
  22 deep elf archers
  11 deep trolls
  4 phantasmal warriors
  3 glowing orange brains
  6 wizards
  An iron giant skeleton (Crypt:1)
  12 ironbrand convokers
  17 orc knights
  20 wolf spiders
  8 orc sorcerers
  92 deep elf magi
  19 harpies
  4 necromancers
  19 orb spiders
  33 ugly things
  2 oklob plants
  9 cyclopes
  12 fauns
  18 manticores
  19 slime creatures
  12 merfolk sirens
  5 black mambas
  A water nymph (shapeshifter) (Depths:2)
  2 elephants (shapeshifter)
  13 elephants
  A black mamba (shapeshifter) (Depths:2)
  4 orange demons (Lair:6)
  A guardian serpent (shapeshifter) (Vaults:1)
  4 water nymphs
  2 smoke demons
  14 vault sentinels
  10 spiny frogs
  4 centaur skeletons
  4 torpor snails
  4 spectral swamp worms (Depths:1)
  A yaktaur zombie (Vaults:3)
  2 rime drakes
  7 freezing wraiths
  15 demonic crawlers
  A spiny frog (shapeshifter) (Vaults:2)
  5 komodo dragons
  A kobold demonologist (D:15)
  An efreet (Abyss:2)
  A hellion (Abyss:2)
  34 yaktaurs
  A hellwing (Lair:6)
  A starcursed mass (Abyss:1)
  An ancient zyme (Abyss:2)
  9 small abominations
  3 tengu conjurers
  2 ice devils (Lair:6)
  2 jumping spiders (shapeshifter) (Vaults:3)
  27 jumping spiders
  A queen bee (Lair:1)
  A polar bear (shapeshifter) (Depths:1)
  A meliai (shapeshifter) (Depths:2)
  9 trolls
  28 merfolk
  7 wind drakes
  8 hornets
  An iron dragon simulacrum (Abyss:2)
  8 polar bears
  A frost giant simulacrum (Vaults:3)
  2 raiju (Abyss:1)
  A satyr zombie (Crypt:1)
  9 blink frogs
  12 hippogriffs
  2 human simulacra
  3 snapping turtles
  5 flying skulls (Crypt:1)
  An air elemental (Elf:3)
  21 water elementals
  63 redbacks
  2 spriggans
  2 shadows
  A tarantella (shapeshifter) (Elf:1)
  30 tarantellas
  52 yaks
  5 vampires
  3 hogs (Shoals:3)
  4 humans (Shoals:3)
  6 wraiths
  A fire elemental (Elf:2)
  A wyvern (D:14)
  3 basilisks
  A basilisk (shapeshifter) (Depths:1)
  A neqoxec (Abyss:2)
  8 hungry ghosts
  A human (shapeshifter) (Vaults:3)
  2 swamp worms (Gauntlet)
  8 two-headed ogre zombies
  3 wargs
  4 hell hounds (Lair:6)
  A soldier ant (D:14)
  An infernal demonspawn zombie (Crypt:1)
  5 floating eyes
  4 acid dragons
  A monstrous demonspawn skeleton (Crypt:1)
  25 water moccasins
  7 porcupines
  2 black bears
  51 orc warriors
  An eye of draining (shapeshifter) (Depths:2)
  15 ice beasts
  2 sky beasts
  4 phantoms
  13 boggarts
  An eye of draining (D:9)
  32 ogres
  11 wolves
  13 centaurs
  8 crocodiles
  A big kobold (shapeshifter) (Vaults:5)
  3 big kobolds
  3 elf zombies (Ossuary)
  2 earth elementals
  A gnoll sergeant (D:11)
  17 bullfrogs
  A glowing shapeshifter simulacrum (Vaults:1)
  4 human skeletons
  2 elf skeletons (D:14)
  3 wyvern skeletons
  An ogre simulacrum (Vaults:1)
  4 scorpions
  A scorpion (shapeshifter) (Vaults:5)
  A water moccasin skeleton (D:6)
  6 troll zombies
  33 killer bees
  19 wights
  2 electric eels
  4 howler monkeys
  2 bullfrog zombies
  7 centaur zombies
  8 crimson imps
  25 orc priests
  10 human zombies
  26 orc wizards
  3 jellies
  A bullfrog skeleton (D:5)
  A black bear zombie (Crypt:1)
  6 hounds
  An iron imp (Abyss:2)
  6 iguanas
  13 worker ants
  A killer bee zombie (D:9)
  7 ogre zombies
  An ogre skeleton (D:14)
  2 hound skeletons
  4 mummies
  11 gnolls
  16 adders
  2 white imps (Lair:4)
  An ufetubus (Abyss:2)
  2 adder skeletons
  2 worms
  8 leopard geckos
  87 orcs
  6 giant cockroaches
  6 goblins
  7 hobgoblins
  6 jackals
  26 kobolds
  5 quokkas
  A ball python (D:4)
  11 bats
  3 frilled lizards
  2 goblin skeletons (D:12)
  2 goblin zombies (D:12)
  A hobgoblin skeleton (D:12)
  2 hobgoblin zombies (D:12)
  2 orc skeletons (D:12)
  14 orc zombies (D:12)
  2 quokka skeletons (D:5)
  A rat (D:3)
  4 fungi
  3 plants (Shoals:4)
  2 tentacles (Shoals:4)
2014 creatures vanquished.

Vanquished Creatures (others)
  A tengu reaver (Depths:3)
  A vault warden (Vaults:4)
  A very ugly thing (Depths:3)
  2 yaktaur captains
  2 hydras
  3 two-headed ogres
  A dancing weapon (Elf:2)
  An ogre mage (Vaults:1)
  A skeletal warrior (Crypt:1)
  2 deep trolls (Depths:1)
  3 harpies (Vaults:5)
  3 deep elf magi
  An orb spider (Spider:2)
  A wolf spider (Spider:2)
  A manticore (Shoals:1)
  A faun (Shoals:1)
  A spectral swamp worm (Depths:1)
  2 yaktaurs
  A freezing wraith (Vaults:2)
  A black draconian skeleton (Crypt:1)
  A slime creature (Depths:1)
  A tarantella (Spider:1)
  A yak (Lair:6)
  A neqoxec (Abyss:1)
  2 orc warriors
  3 ogres
  2 boggarts (Vaults:3)
  A starcursed mass (Abyss:1)
  A naga skeleton (Crypt:1)
  3 orcs
  A giant cockroach (Lair:2)
  A goblin zombie (D:12)
  A kobold (D:11)
  An orc zombie (D:12)
  13 fungi
  A lurking horror (Abyss:2)
  8 plants
  6 starspawn tentacles
  5 tentacles (Shoals:4)
83 creatures vanquished.

Grand Total: 2097 creatures vanquished

Notes
Turn   | Place    | Note
-------+----------+-------------------------------------------
     0 | D:1      | sking99 the Troll Monk began the quest for the Orb.
     0 | D:1      | Reached XP level 1. HP: 22/22 MP: 0/0
   122 | D:1      | Reached XP level 2. HP: 20/29 MP: 1/1
   488 | D:1      | Reached XP level 3. HP: 36/36 MP: 2/2
   631 | D:2      | Reached skill level 4 in Unarmed Combat
   720 | D:2      | Reached XP level 4. HP: 45/45 MP: 3/3
   948 | D:2      | Found an ancient bone altar of Kikubaaqudgha.
  1162 | D:3      | You fall through a shaft for 3 floors!
  1162 | D:6      | Found a transporter.
  1163 | D:6      | Noticed aaksess's ghost (novice NaEn)
  1210 | D:5      | Entered Level 5 of the Dungeon
  1214 | D:5      | Reached skill level 5 in Unarmed Combat
  1214 | D:5      | Reached XP level 5. HP: 53/53 MP: 4/4
  1237 | D:5      | Noticed an ogre
  1272 | D:5      | Killed an ogre
  1294 | D:5      | Reached XP level 6. HP: 62/62 MP: 5/5
  1333 | D:4      | Reached skill level 6 in Unarmed Combat
  1356 | D:4      | Noticed an ice beast
  1366 | D:4      | Found a sand-covered staircase.
  1456 | D:4      | Killed an ice beast
  1471 | D:4      | Found a shadowy altar of Dithmenos.
  1484 | Ossuary  | Entered an ossuary
  1502 | Ossuary  | Reached XP level 7. HP: 70/70 MP: 6/6
  1517 | Ossuary  | Reached skill level 7 in Unarmed Combat
  1663 | Ossuary  | Reached skill level 5 in Fighting
  1663 | Ossuary  | Reached skill level 8 in Unarmed Combat
  1799 | D:4      | Reached XP level 8. HP: 80/80 MP: 7/7
  3178 | D:5      | You fall through a shaft for 2 floors!
  3223 | D:7      | Found an opulent altar of Gozag.
  3322 | D:7      | Reached skill level 9 in Unarmed Combat
  3411 | D:7      | Found a staircase to the Ecumenical Temple.
  3433 | Temple   | Entered the Ecumenical Temple
  3506 | Temple   | Became a worshipper of Ru the Awakened
  3522 | D:7      | Gained mutation: You cannot train Dodging skill. [Ru
                  | sacrifice]
  3522 | D:7      | Reached * piety under Ru
  3590 | D:7      | Reached skill level 10 in Unarmed Combat
  3693 | D:7      | Found Afoidat's Distillery.
  3746 | D:7      | Reached XP level 9. HP: 89/89 MP: 8/8
  4125 | D:6      | Found a shattered altar of Ashenzari.
  4162 | D:6      | Found a transporter.
  4333 | D:6      | Found Hogyutuf's Assorted Antiques.
  4405 | D:6      | Reached skill level 11 in Unarmed Combat
  5115 | D:9      | Reached skill level 1 in Armour
  5196 | D:9      | Reached XP level 10. HP: 87/102 MP: 1/9
  5268 | D:9      | Reached skill level 12 in Unarmed Combat
  5471 | D:9      | Gained mutation: You are hated by all. [Ru sacrifice]
  5471 | D:9      | Reached ** piety under Ru
  5471 | D:9      | Reached *** piety under Ru
  5488 | D:9      | Found a staircase to the Lair.
  5547 | D:9      | Found an iron altar of Okawaru.
  5549 | D:9      | Found a white marble altar of Elyvilon.
  5550 | D:9      | Found a blossoming altar of Fedhas.
  5551 | D:9      | Found a stormy altar of Qazlal.
  5552 | D:9      | Found a snail-covered altar of Cheibriados.
  5707 | D:10     | Entered Level 10 of the Dungeon
  5851 | D:10     | Found Eluucs Tuvosm's Armour Shoppe.
  5936 | D:10     | Noticed Erolcha
  5974 | D:10     | Killed Erolcha
  6054 | D:10     | Reached skill level 13 in Unarmed Combat
  6055 | D:10     | Noticed Erica
  6066 | D:10     | Killed Erica
  6216 | D:10     | Noticed an unseen horror
  6218 | D:10     | Killed an unseen horror
  6218 | D:10     | Reached XP level 11. HP: 88/113 MP: 6/10
  6391 | D:10     | Found a transporter.
  6395 | D:10     | Found a roughly hewn altar of Beogh.
  6395 | D:10     | Found a transporter.
  6395 | D:10     | Noticed an ogre mage
  6522 | Lair:1   | Entered Level 1 of the Lair of Beasts
  6606 | Lair:1   | Found a gate leading to a gauntlet.
  6615 | Gauntlet | Entered a Gauntlet
  6615 | Gauntlet | Found a transporter.
  6615 | Gauntlet | Found a transporter.
  6615 | Gauntlet | Found a runed translucent gate.
  6624 | Gauntlet | Found a transporter.
  6628 | Gauntlet | Found a transporter.
  6640 | Gauntlet | Found a transporter.
  6644 | Gauntlet | Found a transporter.
  6648 | Gauntlet | Found a runed translucent door.
  6648 | Gauntlet | Found a runed translucent door.
  6652 | Gauntlet | Found a transporter.
  6652 | Gauntlet | Noticed a dire elephant
  6668 | Gauntlet | Found a transporter.
  6671 | Gauntlet | Noticed a shining eye
  6672 | Gauntlet | a shining eye changed into a merfolk
  6675 | Gauntlet | Noticed a glowing orange brain
  6675 | Gauntlet | a slime creature changed into a glowing orange brain
  6683 | Gauntlet | a glowing orange brain changed into a faun
  6685 | Gauntlet | Found a transporter.
  6686 | Gauntlet | Found a transporter.
  6688 | Gauntlet | Noticed a swamp dragon
  6688 | Gauntlet | a cyclops changed into a swamp dragon
  6694 | Gauntlet | Found a transporter.
  6698 | Gauntlet | Found a transporter.
  6700 | Gauntlet | Found a runed translucent gate.
  6700 | Gauntlet | Found a runed translucent gate.
  6700 | Gauntlet | Noticed an oklob plant
  6760 | Gauntlet | Noticed an orb spider
  6763 | Gauntlet | Noticed a minotaur
  6782 | Gauntlet | Noticed a harpy
  6782 | Gauntlet | an orb spider changed into a harpy
  6786 | Gauntlet | Noticed an iron troll
  6786 | Gauntlet | Noticed an orb spider
  6790 | Gauntlet | Noticed a frost giant
  6790 | Gauntlet | an iron troll changed into a frost giant
  6793 | Gauntlet | Noticed a two-headed ogre
  6793 | Gauntlet | a redback changed into a two-headed ogre
  6868 | Gauntlet | Killed an oklob plant
  7072 | Gauntlet | Killed a dire elephant
  7133 | Gauntlet | Noticed an orb spider
  7138 | Gauntlet | Noticed a swamp dragon
  7138 | Gauntlet | a manticore changed into a swamp dragon
  7143 | Gauntlet | Noticed a shock serpent
  7144 | Gauntlet | a swamp dragon changed into a moth of wrath
  7155 | Gauntlet | Noticed a minotaur
  7172 | Gauntlet | Killed a minotaur
  7172 | Gauntlet | Reached skill level 5 in Armour
  7172 | Gauntlet | Reached skill level 14 in Unarmed Combat
  7500 | Lair:1   | Noticed a four-headed hydra
  7510 | Lair:1   | Killed a one-headed hydra
  7668 | Lair:1   | Gained mutation: You are somewhat inexperienced. (-2 XL)
                  | [Ru sacrifice]
  7668 | Lair:1   | Reached XP level 10. HP: 107/107 MP: 9/9
  7668 | Lair:1   | Reached XP level 9. HP: 98/98 MP: 8/8
  7668 | Lair:1   | Reached **** piety under Ru
  7668 | Lair:1   | Reached ***** piety under Ru
  7912 | Lair:1   | Noticed a queen bee
  7918 | Lair:1   | Killed a queen bee
  7918 | Lair:1   | Reached XP level 10. HP: 107/107 MP: 9/9
  8322 | Lair:2   | Found a hole to the Spider Nest.
  8470 | Lair:2   | Noticed a spiny frog
  8474 | Lair:2   | Killed a spiny frog
  8652 | Lair:2   | Noticed a spiny frog
  8657 | Lair:2   | Killed a spiny frog
  8741 | Lair:2   | Reached skill level 15 in Unarmed Combat
  8747 | Lair:2   | Noticed an elephant
  8750 | Lair:2   | Noticed an elephant
  8750 | Lair:2   | Noticed an elephant
  8754 | Lair:2   | Killed an elephant
  8759 | Lair:2   | Killed an elephant
  8759 | Lair:2   | Reached XP level 11. HP: 106/117 MP: 10/10
  9104 | Lair:3   | Reached skill level 10 in Fighting
  9474 | Lair:3   | Noticed Fannar
  9496 | Lair:3   | Killed Fannar
 10012 | Lair:3   | Noticed a seven-headed hydra
 10020 | Lair:3   | Killed a three-headed hydra
 10020 | Lair:3   | Reached XP level 12. HP: 62/128 MP: 11/11
 10121 | Lair:4   | Gained mutation: You cannot study or cast Poison magic. [Ru
                  | sacrifice]
 10121 | Lair:4   | Gained mutation: You cannot study or cast Necromancy magic.
                  | [Ru sacrifice]
 10121 | Lair:4   | Gained mutation: You cannot study or cast Translocations
                  | magic. [Ru sacrifice]
 10174 | Lair:4   | Noticed Josephine
 10186 | Lair:4   | Killed Josephine
 10237 | Lair:4   | Found a staircase to the Shoals.
 10299 | Lair:4   | Reached skill level 16 in Unarmed Combat
 11290 | Lair:5   | Noticed a six-headed hydra
 11300 | Lair:5   | Killed a one-headed hydra
 11865 | Lair:5   | Found the +8 whip "Snakebite" {curare, rPois}
 12062 | Lair:6   | Entered Level 6 of the Lair of Beasts
 12202 | Lair:6   | Noticed a four-headed hydra
 12213 | Lair:6   | Killed a one-headed hydra
 12213 | Lair:6   | Reached XP level 13. HP: 83/137 MP: 12/12
 12422 | Lair:6   | Gained mutation: You are clumsy. (Dex -2) [Ru sacrifice]
 12422 | Lair:6   | Reached ****** piety under Ru
 12642 | Lair:6   | Found a burning altar of Makhleb.
 12972 | Lair:6   | Reached skill level 17 in Unarmed Combat
 13542 | Lair:6   | Found a viscous altar of Jiyva.
 13542 | Lair:6   | Found a staircase to the Slime Pits.
 13666 | Lair:6   | Found a gateway to Hell.
 14287 | D:11     | Reached skill level 1 in Evocations
 14464 | D:12     | Found a portal to a secret trove of treasure.
 14936 | D:12     | Noticed Frances
 14947 | D:12     | Killed Frances
 15002 | D:12     | Found a staircase to the Orcish Mines.
 15060 | D:12     | Found a shattered altar of Ashenzari.
 15094 | D:12     | Reached XP level 14. HP: 134/150 MP: 10/14
 15590 | Orc:1    | Entered Level 1 of the Orcish Mines
 16132 | Orc:2    | Entered Level 2 of the Orcish Mines
 16197 | Orc:2    | Found a staircase to the Elven Halls.
 16686 | Orc:2    | Noticed an orc warlord
 16726 | Orc:2    | Killed an orc warlord
 17321 | Orc:2    | Found Osub's General Store.
 17321 | Orc:2    | Found Cury Leape's Book Shoppe.
 17323 | Orc:2    | Found Suog's Antique Armour Shoppe.
 17323 | Orc:2    | Found Rumonups's Antique Weapon Emporium.
 17791 | D:13     | Found a basalt altar of Yredelemnul.
 17916 | D:13     | Reached skill level 18 in Unarmed Combat
 19152 | D:14     | Found a gate to the Vaults.
 19152 | D:14     | Noticed an ironheart preserver
 19162 | D:14     | Killed an ironheart preserver
 19162 | D:14     | Reached XP level 15. HP: 128/158 MP: 13/17
 19604 | D:14     | Found a basalt altar of Yredelemnul.
 19713 | D:15     | Entered Level 15 of the Dungeon
 20345 | D:15     | Reached skill level 10 in Armour
 20386 | D:15     | Reached skill level 5 in Evocations
 20833 | D:15     | Paralysed by an orc sorcerer for 6 turns
 20842 | D:15     | Reached skill level 19 in Unarmed Combat
 21137 | D:15     | Found a blossoming altar of Fedhas.
 21294 | D:15     | Found a staircase to the Depths.
 22067 | Spider:1 | Entered Level 1 of the Spider Nest
 22554 | Spider:1 | Reached skill level 1 in Maces & Flails
 24093 | Spider:2 | Reached XP level 16. HP: 162/170 MP: 16/18
 25925 | Spider:4 | Entered Level 4 of the Spider Nest
 25930 | Spider:4 | Reached skill level 5 in Maces & Flails
 27989 | Spider:4 | Got a gossamer rune of Zot
 28196 | Shoals:1 | Entered Level 1 of the Shoals
 28333 | Shoals:1 | Reached XP level 17. HP: 182/182 MP: 19/19
 29487 | Shoals:2 | Noticed Polyphemus
 29515 | Shoals:2 | Killed Polyphemus
 29749 | Shoals:2 | Reached skill level 15 in Fighting
 30183 | Shoals:3 | Found Oloreg's Distillery.
 30230 | Shoals:3 | Noticed Ilsuiw
 30250 | Shoals:3 | Reached skill level 1 in Shields
 30286 | Shoals:3 | Killed Ilsuiw
 30537 | Shoals:3 | Noticed Kirke
 30552 | Shoals:3 | Killed Kirke
 30926 | Shoals:4 | Entered Level 4 of the Shoals
 31100 | Shoals:4 | Noticed Donald
 31108 | Shoals:4 | Found Yhuje's Antique Armour Boutique.
 31113 | Shoals:4 | Killed Donald
 31494 | Shoals:4 | Noticed Louise
 31506 | Shoals:4 | Killed Louise
 31506 | Shoals:4 | Reached skill level 5 in Shields
 31514 | Shoals:4 | Identified 2 scrolls of acquirement
 31530 | Shoals:4 | Got a transparent pewter ring
 31531 | Shoals:4 | Identified the ring of Zijait {rF+ rN+ Stlth+} (You
                  | acquired it on level 4 of the Shoals)
 32075 | Shoals:4 | Reached XP level 18. HP: 148/193 MP: 16/20
 32450 | Shoals:4 | Got a barnacled rune of Zot
 33080 | Vaults:1 | Entered Level 1 of the Vaults
 33140 | Vaults:1 | Found a large runed translucent door.
 33140 | Vaults:1 | Found a large runed translucent door.
 33140 | Vaults:1 | Found a large runed translucent door.
 33140 | Vaults:1 | Found a large runed translucent door.
 33140 | Vaults:1 | Found a large runed translucent door.
 33140 | Vaults:1 | Found a large runed translucent door.
 33140 | Vaults:1 | Found a large runed translucent door.
 33140 | Vaults:1 | Found a large runed translucent door.
 33140 | Vaults:1 | Noticed Awazaost's ghost (veteran MiBe)
 34524 | Vaults:2 | Found a flickering gateway to a bazaar.
 34530 | Bazaar   | Entered a bazaar
 34530 | Bazaar   | Found Pivuezxa's Antique Armour Shop.
 34530 | Bazaar   | Found Felaed's Antique Weapon Shop.
 34577 | Bazaar   | Found Toaloun's General Store.
 34585 | Bazaar   | Bought a scroll of fear for 56 gold pieces
 34599 | Bazaar   | Bought a runed cloak for 225 gold pieces
 35827 | Vaults:2 | Reached skill level 10 in Shields
 35997 | Vaults:2 | Reached XP level 19. HP: 204/204 MP: 21/21
 36103 | Vaults:2 | Found a staircase to the Crypt.
 37247 | D:12     | You paid a toll of +4 ice dragon scales to enter a treasure
                  | trove
 37248 | Trove    | Entered a treasure trove
 37308 | Trove    | Found the +3 crown of Dyrovepreva {rElec Int+2 SInv}
 37309 | Trove    | Found the +4 moon troll leather armour {Spirit, Regen++
                  | MP+5}
 37319 | Trove    | Got a translucent shield
 37321 | Trove    | Got an ichor-stained shield
 37328 | Trove    | Identified the +1 shield "Vadophad" {Str+2} (You found it
                  | in a treasure trove)
 37329 | Trove    | Identified the cursed +0 shield of Summer {Int+4} (You
                  | found it in a treasure trove)
 39868 | Vaults:4 | Reached XP level 20. HP: 215/218 MP: 22/22
 40565 | Vaults:5 | Entered Level 5 of the Vaults
 40574 | Vaults:5 | Noticed Frederick
 40576 | Vaults:5 | Noticed a golden dragon
 40665 | Vaults:5 | Killed a golden dragon
 41021 | Vaults:5 | Killed Frederick
 41329 | Vaults:5 | Reached skill level 15 in Shields
 41520 | Vaults:5 | Reached XP level 21. HP: 82/230 MP: 20/23
 41733 | Vaults:5 | Noticed a golden dragon
 41742 | Vaults:5 | Killed a golden dragon
 42228 | Vaults:5 | Got a silver rune of Zot
 42331 | Vaults:5 | Identified the Volume of Supportive Malediction
 42338 | Vaults:5 | Identified Zonoodum's Compendium of Ghastly Self-Knowledge
 42353 | Vaults:5 | Identified the Tome of Noxious Battle Magic
 42385 | Vaults:5 | Identified the Tome of the Warped Volcanoes
 42433 | Vaults:5 | Identified the Papyrus of Dark Secrets and Attacks
 42449 | Vaults:5 | Identified the Tome of the Volcanoes and Calling
 42896 | Vaults:5 | Reached skill level 20 in Unarmed Combat
 43186 | Elf:1    | Entered Level 1 of the Elven Halls
 43463 | Elf:1    | Identified the Papyrus of Calling
 43912 | Elf:1    | Found Hablekole's Jewellery Shoppe.
 43912 | Elf:1    | Found Diaggomi's Gadget Boutique.
 43913 | Elf:1    | Found Efiagug's Gadget Boutique.
 44266 | Elf:2    | Found a magical portal.
 44275 | WizLab   | Entered Zonguldrok's Shrine
 44626 | WizLab   | Noticed an antique lich
 44636 | WizLab   | Killed an antique lich
 44702 | WizLab   | Found the +9 sword of Zonguldrok {reap}
 44707 | WizLab   | Identified Sif Muna's Tome of the Glacier and Aid
 44710 | WizLab   | Identified Sif Muna's Reference Book on the Ensnaring
                  | Volcanoes
 45019 | Elf:2    | Found a runed translucent door.
 45019 | Elf:2    | Found a shimmering altar of Xom.
 45019 | Elf:2    | Noticed Goxick's ghost (adept DsFi)
 45205 | Elf:2    | Found a runed translucent gate.
 45205 | Elf:2    | Found a runed translucent gate.
 45205 | Elf:2    | Found a runed translucent gate.
 45226 | Elf:2    | Reached XP level 22. HP: 244/244 MP: 24/24
 45268 | Elf:3    | Entered Level 3 of the Elven Halls
 45273 | Elf:3    | Got a scintillating granite ring
 45274 | Elf:3    | Identified the ring of Gosuadul {+Fly rC+ MR+ Dex+4} (You
                  | found it on level 3 of the Elven Halls)
 45582 | Elf:3    | Reached skill level 21 in Unarmed Combat
 45830 | Elf:3    | Identified the +8 demon whip "Yrhepp" {drain, Dex+3}
 45830 | Elf:3    | Identified the ring "Lahimo" {rPois MR+ Dex+3}
 45968 | Elf:3    | Found the +9 staff of Olgreb {rPois}
 45969 | Elf:3    | Identified the +9 great sword of the Apocalypse {drain,
                  | rF++ MP+9}
 46083 | Elf:3    | Identified the Incunabulum of Arcane Weapons
 46091 | Elf:3    | Got a scorched platinum amulet
 46092 | Elf:3    | Identified the amulet of Vyacong {Gourm +Inv Dex+2} (You
                  | found it on level 3 of the Elven Halls)
 46096 | Elf:3    | Identified the Handbook of Unstable Malediction
 46615 | Depths:1 | Entered Level 1 of the Depths
 47328 | Depths:1 | Found Fuibera's Distillery.
 47356 | Depths:1 | Bought a potion of heal wounds for 75 gold pieces
 47564 | Depths:1 | Found a bloodstained altar of Trog.
 47779 | Depths:2 | Paralysed by a floating eye for 3 turns
 47885 | Depths:2 | Got a heavily runed marble ring
 47886 | Depths:2 | Identified the ring "Imaedotef" {Str+2 Slay+3 Stlth+} (You
                  | found it on level 2 of the Depths)
 47919 | Depths:2 | Paralysed by a floating eye for 2 turns
 47968 | Depths:2 | Reached XP level 23. HP: 253/254 MP: 25/25
 48095 | Depths:2 | Got a pitted pewter ring
 48096 | Depths:2 | Identified the ring of Qidghog {+Fly rPois rF+ MR++ Int-3}
                  | (You found it on level 2 of the Depths)
 48113 | Depths:2 | Paralysed by a floating eye for 4 turns
 48217 | Depths:2 | Paralysed by a floating eye for 4 turns
 48239 | Depths:2 | Reached skill level 22 in Unarmed Combat
 48259 | Depths:2 | Got an ancient ivory ring
 48260 | Depths:2 | Identified the cursed ring "Fugraebb" {+Blink rF- rC+ Str-3
                  | Int+4} (You found it on level 2 of the Depths)
 48314 | Depths:2 | Noticed Margery
 48331 | Depths:2 | Killed Margery
 48521 | Depths:2 | Found a one-way gate to the infinite horrors of the Abyss.
 48569 | Depths:2 | Identified the +7 quarterstaff of the Pure Orbs {crush,
                  | +Fly rPois rF+}
 48662 | Depths:2 | Found Etig's Book Emporium.
 48797 | Depths:2 | Found Dufika's Armour Shop.
 48960 | Depths:2 | Identified Wizardry for Neophytes
 49039 | Depths:3 | Paralysed by a floating eye for 2 turns
 49128 | Depths:3 | Noticed Jory
 49151 | Depths:3 | Killed Jory
 49229 | Depths:3 | Noticed a juggernaut
 49232 | Depths:3 | Noticed Sojobo
 49244 | Depths:3 | Killed a juggernaut
 49244 | Depths:3 | Noticed an ancient lich
 49264 | Depths:3 | Killed an ancient lich
 49271 | Depths:3 | Killed Sojobo
 50615 | Depths:3 | Noticed a caustic shrike
 50616 | Depths:3 | Noticed a caustic shrike
 50647 | Depths:2 | Reached XP level 24. HP: 65/267 MP: 3/25
 51003 | Depths:2 | Found Etig's Book Emporium.
 51841 | Crypt:1  | Entered Level 1 of the Crypt
 52514 | Crypt:1  | Paralysed by fainting for 10 turns
 52534 | Crypt:1  | Paralysed by fainting for 11 turns
 52545 | Crypt:1  | Reached skill level 15 in Armour
 52545 | Crypt:1  | Reached XP level 25. HP: 58/275 MP: 9/25
 54253 | Depths:2 | Found a one-way gate to the infinite horrors of the Abyss.
 54263 | Depths:2 | Voluntarily entered the Abyss.
 54265 | Abyss:1  | Found a corrupted altar of Lugonu.
 54374 | Abyss:1  | Paralysed by accursed screaming for 1 turns
 54578 | Abyss:2  | Gained mutation: Your body sometimes deteriorates upon
                  | taking damage. [a neqoxec]
 54922 | Abyss:2  | Paralysed by you for 5 turns
 55040 | Abyss:2  | Found a corrupted altar of Lugonu.
 55196 | Depths:2 | Escaped the Abyss
 55732 | Depths:2 | Voluntarily entered the Abyss.
 55821 | Abyss:1  | Gained mutation: [You are sometimes teleported next to
                  | monsters.] [a neqoxec]
 56130 | Abyss:1  | Lost mutation: [You are sometimes teleported next to
                  | monsters.] [a neqoxec]
 56156 | Abyss:1  | HP: 8/275 [raiju/living lightning (12)]
 56156 | Abyss:1  | Killed from afar by a raiju

Levels and vault maps discovered:
D:1:      dpeg_arrival_pits, layout_basic, minivault_11
D:2:      layout_basic, kiku_gazebo_pond_becter
D:3:      layout_loops_cross
D:4:      layout_layer_cave, portal_sewer_entry_e,
          nicolae_ossuary_entry_false_entrances,
          nicolae_dithmenos_through_a_glass_darkly
D:5:      layout_gridville, first_ration
D:6:      layout_rooms, lemuel_round_altar, serial_shops, nicolae_shop_stone,
          gammafunk_ghost_mausoleum, kennysheep_generic_room_15
D:7:      layout_basic, nicolae_gozag_seed_capital,
          minmay_temple_entry_mini_moons, serial_shops, shop, the_bakery
D:8:      layout_cave_pools
D:9:      layout_cave_pools, grunt_temple_overflow_open, lair_entry_dummy
D:10:     gammafunk_beogh_shrine, layout_basic, serial_shops,
          nicolae_shop_stone, uniq_erica, uniq_erolcha
D:11:     layout_rooms
D:12:     layout_gridville, zombieorc2_lemuel, enter_trove_2,
          nicolae_ashenzari_panopticon, uniq_frances
D:13:     layout_loops_corners, basic_altar
D:14:     layout_loops_corners, skrybe_vaults_entry_preservation,
          lemuel_mausoleum_altar_yredelemnul
D:15:     grunt_enter_depths_hoard, layout_gridville, corexii_corridor_pit,
          tgw_fedhas
Temple:   eino_temple_lava
Lair:1:   layout_long_grid, special_room [special_room_bee],
          gauntlet_entry_generic, small_statue_intersection
Lair:2:   layout_roguey, nicolae_spider_entry_non_spiders, guppyfry_lair_drakes
Lair:3:   layout_cave_pods, cheibrodos_lair_lostbears, grunt_megastairs_4,
          uniq_fannar
Lair:4:   layout_cave_pods, minmay_shoals_entry_lonely_mermaid, ice2_lemuel,
          uniq_josephine
Lair:5:   minmay_guarded_unrand_snakebite, layout_big_grid, grunt_megastairs_1
Lair:6:   evil_forest, layout_layer_cave, dpeg_slime_entry_enclosed_altar
Shoals:1: layout_shoals
Shoals:2: layout_shoals, uniq_polyphemus
Shoals:3: layout_shoals, serial_shops, shop_fountains, uniq_kirke, uniq_ilsuiw
Shoals:4: shoals_end_grunt_ice, layout_shoals, serial_shops, shop,
          yaktaur_hedge, uniq_donald, uniq_louise
Spider:1: layout_spider_delve
Spider:2: layout_spider_delve
Spider:3: nicolae_spider_mines_1
Spider:4: grunt_spider_rune_circles
Orc:1:    nicolae_orc_accident_1, layout_caves
Orc:2:    st_orc_congregation, layout_caves
Elf:1:    elf_arrival_002, layout_loops_corners, minmay_elf_demonology,
          minmay_shop_grove
Elf:2:    layout_geoelf_grid, ebering_ghost_xom, mu_enter_wizlab_5, uniq_aizul
Elf:3:    minmay_elf_hall_statues, layout_onion_city
Vaults:1: advil_vaults_ghost_lines, nicolae_vaults_mini_display_case,
          v_pattern_2, nicolae_vaults_asterisk, v_alt_pattern_6,
          hangedman_vaults_capsules, nicolae_vaults_circle_grid_a,
          nicolae_vaults_back_hallway, ontoclasm_vaults_chip, v_misc_22,
          st_hourglassy, grunt_vaults_hallway_long, nicolae_vaults_rhombus_5,
          layout_vaults_ring
Vaults:2: v_misc_22, v_misc_22, vaults_mumra_bighexcomb,
          minmay_crypt_entry_simple_walls, nicolae_vaults_alarming, v_misc_17,
          v_misc_29, dpeg_vaults_monster_box, layout_vaults_omnigrid,
          serial_shops, bzr_entry_safe
Vaults:3: nicolae_vaults_c_with_doors, hangedman_vaults_locks,
          vaults_mumra_chevron, grunt_vaults_twisty,
          nicolae_vaults_sealed_display, v_misc_2, v_misc_18,
          vaults_room_corners, vaults_dpeg_diagonal,
          nicolae_vaults_circle_grid_a, vaults_room_stairs_pillars,
          layout_vaults_big_cross
Vaults:4: nicolae_vaults_asterisk, vaults_room_pools, grunt_vaults_funnel,
          nicolae_vaults_what_the_h, hangedman_vaults_unwind, v_misc_14,
          hangedman_vaults_variations, nicolae_vaults_little_squares_6,
          nicolae_vaults_border_crossing, v_misc_19, v_misc_11,
          nicolae_vaults_gold_heap, ontoclasm_vaults_loading_screen,
          layout_vaults_maze_snakey
Vaults:5: uniq_frederick
Crypt:1:  layout_rooms
Crypt:2:  layout_regular_city, hex_medium
Depths:1: layout_cave_pools, pf_hell_entry_tar_river, serial_shops,
          nicolae_shop_behind_doors, evilmike_spriggan_trog_shrine
Depths:2: hangedman_spin_cycle, hell_entry, abyss_entry
Depths:3: minmay_diamond_stairs, layout_basic, rand_demon_pan_entry_7,
          special_room [special_room_morgue], hell_entry, uniq_sojobo, uniq_jory
Abyss:1

Skill      XL: |  1  2  3  4  5  6  7  8  9 10 11 12 13 14 15 16 17 18 19 20 21 22 23 24 |
---------------+-------------------------------------------------------------------------+-----
Unarmed Combat | 4 5 6 8 10 11 15 14 16 17 18 19 20 21 22 | 22.7
Fighting       | 3 4 5 6 7 8 10 11 12 13 14 15 16 17 18 19 20 | 20.7
Dodging        | 0 |  0.0
Armour         | 1 6 7 8 9 10 12 13 14 15 | 15.3
Evocations     | 2 4 5 |  5.0
Maces & Flails | 3 5 |  5.0
Shields        | 5 10 13 15 16 | 16.0
Stealth        | |  1.0

Action                   |  1- 3 |  4- 6 |  7- 9 | 10-12 | 13-15 | 16-18 | 19-21 | 22-24 | 25-27 || total
-------------------------+-------+-------+-------+-------+-------+-------+-------+-------+-------++-------
Melee: Unarmed           |   103 |   102 |   337 |   723 |  1085 |  1206 |  1445 |  1170 |       ||  6171
       Punch             |     2 |     1 |    12 |    40 |   103 |    65 |       |       |       ||   223
       Scimitar          |       |       |       |    23 |    36 |       |       |       |       ||    59
       Whip              |       |       |       |       |   159 |   292 |       |       |       ||   451
       Demon whip        |       |       |       |       |       |       |       |   305 |   312 ||   617
Invok: Sacrifice Nimblen |       |       |     1 |       |       |       |       |       |       ||     1
       Sacrifice Experie |       |       |     1 |       |       |       |       |       |       ||     1
       Sacrifice Love    |       |       |       |     1 |       |       |       |       |       ||     1
       Apocalypse        |       |       |       |     1 |     6 |     5 |     3 |     2 |     1 ||    18
       Draw Out Power    |       |       |       |     1 |     3 |     2 |     9 |     1 |     2 ||    18
       Sacrifice Arcana  |       |       |       |     1 |       |       |       |       |       ||     1
       Sacrifice Purity  |       |       |       |       |     1 |       |       |       |       ||     1
       Power Leap        |       |       |       |       |       |     4 |       |       |       ||     4
Evoke: Wand              |       |       |       |       |     2 |       |       |       |     1 ||     3
  Use: Scroll            |       |     7 |     7 |    15 |    11 |     8 |    11 |     9 |     4 ||    72
       Potion            |       |       |     1 |     2 |     4 |     5 |     7 |     7 |     6 ||    32
 Stab: Sleeping          |     6 |     3 |     7 |    12 |    15 |    10 |     5 |       |       ||    58
       Invisible         |       |       |       |     3 |     6 |    19 |     8 |    17 |     6 ||    59
       Distracted        |       |       |       |     3 |    14 |     5 |    12 |     2 |     2 ||    38
       Paralysed         |       |       |       |     2 |    16 |    10 |    15 |    11 |     9 ||    63
       Petrified         |       |       |       |       |       |    13 |       |       |       ||    13
       Petrifying        |       |       |       |       |       |     1 |       |     1 |       ||     2
  Eat: Chunk             |    12 |     5 |    35 |    64 |   121 |   110 |    86 |    37 |       ||   470
       Ration            |       |       |     1 |       |     2 |     2 |       |     7 |    11 ||    23
Armor: Robe              |    33 |       |       |       |       |       |       |       |       ||    33
       Shadow dragon sca |    29 |    74 |   155 |   518 |   871 |  1093 |   275 |       |       ||  3015
       Skin              |       |       |     2 |    44 |       |       |       |       |       ||    46
       Gold dragon scale |       |       |       |       |       |       |    97 |   780 |   114 ||   991
       Troll leather arm |       |       |       |       |       |       |     1 |       |    65 ||    66
Dodge: Dodged            |    47 |    18 |    64 |   200 |   364 |   507 |   125 |    66 |    36 ||  1427
Block: Shield            |       |       |       |       |       |    83 |       |       |       ||    83
       Large shield      |       |       |       |       |       |   284 |   905 |   916 |   197 ||  2302
       Rpst.: Scimitar   |       |       |       |     3 |     1 |       |       |       |       ||     4

Table legend:
 A = Non-vault XP
 B = Vault XP
 C = Vault XP percentage of total XP
 D = Non-vault monster count
 E = Vault monster count
 F = Vault count percentage of total count
                 A         B        C        D         E       F
            +---------+---------+-------+---------+---------+-------
      Total |  480206 |  518305 |  51.9 |    1290 |     738 |  36.4
            +---------+---------+-------+---------+---------+-------
        D:1 |      44 |       0 |   0.0 |      27 |       0 |   0.0
        D:2 |     131 |       0 |   0.0 |      19 |       0 |   0.0
        D:3 |       9 |       0 |   0.0 |       6 |       0 |   0.0
        D:4 |     329 |       0 |   0.0 |      21 |       0 |   0.0
        D:5 |     327 |       0 |   0.0 |       7 |       0 |   0.0
        D:6 |    1202 |       0 |   0.0 |      30 |       0 |   0.0
        D:7 |    1067 |     220 |  17.1 |      17 |       1 |   5.6
        D:8 |     405 |       0 |   0.0 |       5 |       0 |   0.0
        D:9 |    2586 |       0 |   0.0 |      33 |       0 |   0.0
       D:10 |    2620 |    1982 |  43.1 |      20 |       2 |   9.1
       D:11 |    2985 |       0 |   0.0 |      44 |       0 |   0.0
       D:12 |    6720 |    3674 |  35.3 |      39 |      36 |  48.0
       D:13 |    9616 |       0 |   0.0 |      28 |       0 |   0.0
       D:14 |   12980 |    5494 |  29.7 |      45 |      21 |  31.8
       D:15 |   20478 |    1868 |   8.4 |      48 |       2 |   4.0
     Lair:1 |    3895 |    2255 |  36.7 |      16 |      29 |  64.4
     Lair:2 |    3970 |     307 |   7.2 |      18 |       4 |  18.2
     Lair:3 |    7829 |    2740 |  25.9 |      27 |       9 |  25.0
     Lair:4 |    3012 |    4474 |  59.8 |      14 |      20 |  58.8
     Lair:5 |    2307 |    2884 |  55.6 |       7 |      16 |  69.6
     Lair:6 |    7466 |   10542 |  58.5 |      31 |      26 |  45.6
   Shoals:1 |   15850 |       0 |   0.0 |      31 |       0 |   0.0
   Shoals:2 |   14419 |    6516 |  31.1 |      34 |       6 |  15.0
   Shoals:3 |    6610 |    6645 |  50.1 |      14 |       8 |  36.4
   Shoals:4 |   15920 |   26009 |  62.0 |      33 |      37 |  52.9
   Spider:1 |   16674 |       0 |   0.0 |      51 |       0 |   0.0
   Spider:2 |   13284 |     211 |   1.6 |      41 |       1 |   2.4
   Spider:3 |   11191 |    4761 |  29.8 |      32 |      10 |  23.8
   Spider:4 |   13449 |   19060 |  58.6 |      38 |      26 |  40.6
      Orc:1 |    2595 |     969 |  27.2 |      28 |       4 |  12.5
      Orc:2 |    1656 |   11649 |  87.6 |      26 |      69 |  72.6
      Elf:1 |   14963 |    7562 |  33.6 |      30 |      12 |  28.6
      Elf:2 |   17156 |    1689 |   9.0 |      33 |       2 |   5.7
      Elf:3 |   27848 |   40867 |  59.5 |      40 |      26 |  39.4
   Vaults:1 |   12710 |   27563 |  68.4 |      32 |      37 |  53.6
   Vaults:2 |   23997 |   20233 |  45.7 |      37 |      25 |  40.3
   Vaults:3 |   26834 |   24255 |  47.5 |      42 |      43 |  50.6
   Vaults:4 |   33509 |   28412 |  45.9 |      53 |      33 |  38.4
   Vaults:5 |   22378 |  122852 |  84.6 |      37 |      86 |  69.9
    Crypt:1 |    5398 |       0 |   0.0 |      17 |       0 |   0.0
    Crypt:2 |     486 |       0 |   0.0 |       1 |       0 |   0.0
   Depths:1 |   42517 |    6700 |  13.6 |      55 |      11 |  16.7
   Depths:2 |    2861 |   78208 |  96.5 |       4 |      92 |  95.8
   Depths:3 |   17143 |   36668 |  68.1 |      18 |      15 |  45.5
    Abyss:1 |    4458 |       0 |   0.0 |       8 |       0 |   0.0
    Abyss:2 |   10936 |       0 |   0.0 |      22 |       0 |   0.0
    Ossuary |       0 |     741 | 100.0 |       0 |      15 | 100.0
     WizLab |   15386 |    5351 |  25.8 |      31 |       5 |  13.9
   Gauntlet |       0 |    4944 | 100.0 |       0 |       9 | 100.0
            +---------+---------+-------+---------+---------+-------
